 Dungeon Crawl Stone Soup version 0.25-a0-200-g5ba96148f3 (webtiles) character file.

Game seed: 10257079471816942441, levelgen mode: deterministic

0 Gargoyl the Skirmisher (level 1, -8/19 HPs)
             Began as a Centaur Abyssal Knight on Dec 2, 2019.
             Was a Follower of Lugonu.
             Mangled by a small abomination (14 damage)
             ... on level 2 of the Abyss.
             The game lasted 00:00:31 (140 turns).

Gargoyl the Skirmisher (Centaur Abyssal Knight)      Turns: 140, Time: 00:00:31

Health: -8/19      AC:  4    Str: 14    XL:     1   Next: 0%
Magic:  2/2        EV:  9    Int: 11    God:    Lugonu [*.....]
Gold:   55         SH:  0    Dex:  8    Spells: 0/0 levels left

rFire    . . .     SeeInvis .   a - +1 hand axe
rCold    . . .     Gourm    .   (no shield)
rNeg     . . .     Faith    .   b - +0 leather armour
rPois    .         Spirit   .   (no helmet)
rElec    .         Reflect  .   (no cloak)
rCorr    .         Harm     .   (no gloves)
MR       .....                  (no barding)
Stlth    ..........             (no amulet)
HPRegen  0.06/turn              (no ring)
MPRegen  0.08/turn              (no ring)

@: very quick
A: large, hooves 3, deformed body, speed 2, tough skin 3
a: Depart the Abyss, Renounce Religion


You were on level 2 of the Abyss.
You worshipped Lugonu.
Lugonu was aware of your devotion.
You were not hungry.

You visited 0 branches of the dungeon, and saw 0 of its levels.
You visited the Abyss 1 time.

You collected 55 gold pieces.

Inventory:

Hand Weapons
 a - a +1 hand axe (weapon)
Armour
 b - a +0 leather armour (worn)
Wands
 d - a wand of disintegration (9)
Comestibles
 c - 3 rations


   Skills:
 + Level 3.0 Fighting
 + Level 1.7 Axes
 + Level 1.3 Armour
 + Level 0.6 Dodging
 + Level 2.0 Invocations


You couldn't memorise any spells.
You didn't know any spells.
Your spell library contained the following spells:

 Spells                   Type           Power        Failure   Level  Hunger
 Blink                    Tloc           N/A          54%         2    ###....
 Shroud of Golubria       Chrm/Tloc      #.....       54%         2    ###....
 Gell's Gravitas          Tloc           #.........   78%         3    ####...
 Lesser Beckoning         Tloc           #.........   78%         3    ####...
 Teleport Other           Tloc           #.......     78%         3    ####...
 Passage of Golubria      Tloc           N/A          99%         4    #####..


Dungeon Overview and Level Annotations

Branches:
Dungeon (0/15)

Altars:


Innate Abilities, Weirdness & Mutations

You have hooves in place of feet.
Armour fits poorly on your strangely shaped body.
You cover ground very quickly.
You have extremely tough skin. (AC +3)


Message History

Aiming: Disintegrate
Press: ? - help, Shift-Dir - straight line, f - small abomination
Aim: a small abomination (chance to defeat MR: 48%)
The small abomination resists with some effort.
Aiming: Disintegrate
Press: ? - help, Shift-Dir - straight line, f/p - small abomination
Aim: a small abomination (chance to defeat MR: 48%)
The small abomination resists with some effort.
You hear a shout!
A neqoxec comes into view.
Aiming: Disintegrate
Press: ? - help, Shift-Dir - straight line, f/p - small abomination
Aim: a small abomination (chance to defeat MR: 48%)
The small abomination resists with some effort.
You enter the shallow water.
Moving in this stuff is going to be slow.
The small abomination barely misses you.
The small abomination hits you!
Ouch! That really hurt!
You die...

.. ..# .....#
.. . ## ....#
.
.......#....#
. . # .. .#.
#(# ## ...#
#. .#.##.
###.# . .....
.. ###..# ...
............#
..###.
.##.#.### .#
##.# #.#@####
... ###.x..#
#...##.####.#
. #.
≈≈..###.##
.≈≈≈≈≈≈#.#.##
...#.≈≈≈≈≈≈≈#
.
###.#≈≈≈≈≈≈.#
#.##≈≈≈≈≈≈.
#.3 # #♣≈≈≈≈≈


You could see a small abomination.

Vanquished Creatures (others)
  2 starspawn tentacles (Abyss:1)
2 creatures vanquished.

Notes
Turn   | Place    | Note
-------+----------+-------------------------------------------
     0 | Abyss:1  | Gargoyl the Centaur Abyssal Knight began the quest for the
                  | Orb.
     0 | Abyss:1  | Reached XP level 1. HP: 19/19 MP: 2/2
    65 | Abyss:1  | Noticed a tentacled starspawn
    99 | Abyss:1  | Noticed a starcursed mass
   128 | Abyss:2  | Noticed a small abomination
   131 | Abyss:2  | Noticed a neqoxec
   140 | Abyss:2  | Mangled by a small abomination

Levels and vault maps discovered:
Abyss:2:  hangedman_abyss_or_decor_jellyfish_corner

Action                   || total
-------------------------++-------
Evoke: Wand              ||     3
Dodge: Dodged            ||     1

Table legend:
 A = Non-vault XP
 B = Vault XP
 C = Vault XP percentage of total XP
 D = Non-vault monster count
 E = Vault monster count
 F = Vault count percentage of total count
                 A         B        C        D         E       F
            +---------+---------+-------+---------+---------+-------
      Total |       0 |       0 |   N/A |       0 |       0 |  -nan
            +---------+---------+-------+---------+---------+-------
            +---------+---------+-------+---------+---------+-------
